 Dungeon Crawl Stone Soup version 0.24.1-8-ga250c9d538 (webtiles) character file.

Game seed: 15292880919713738004, levelgen mode: deterministic

31003 Atelerd the Thaumaturge (level 13, -10/79 HPs)
             Began as an Octopode Wizard on May 3, 2020.
             Was an Elder of Sif Muna.
             Hit by a javelin thrown by a minotaur (34 damage)
             ... in a Gauntlet.
             The game lasted 01:32:38 (25311 turns).

Atelerd the Thaumaturge (Octopode Wizard)          Turns: 25311, Time: 01:32:39

Health: -10/79     AC:  1    Str:  3    XL:     13   Next: 55%
Magic:  19/29      EV: 18    Int: 24    God:    Sif Muna [****..]
Gold:   1256       SH:  0    Dex: 11    Spells: 12/36 levels left

rFire    + . .     SeeInvis +   W - +7 Spriggan's Knife {stab, EV+4 Stlth+}
rCold    + + .     Gourm    .   (no shield)
rNeg     . . .     Faith    .   a - +0 hat
rPois    +         Spirit   .   R - amulet of the acrobat
rElec    +         Reflect  .   X - ring of the Original Sin {+Inv rElec rF+ Str-4 Slay+5}
rCorr    +         Harm     .   q - ring of protection from cold
MR       .....     NoTele   +   s - ring of protection from cold
Stlth    ++++++....             d - ring of stealth
HPRegen  0.23/turn              O - ring of wizardry
MPRegen  0.21/turn              i - ring of poison resistance
                                L - ring of resist corrosion
                                V - ring of see invisible

@: no status effects
A: almost no armour, stealthy swim, amphibious, 8 rings, constrict 8, camouflage
1, gelatinous body 1
a: Channel Magic, Forget Spell, Divine Exegesis, Renounce Religion, Evoke
Invisibility


You were in a Gauntlet.
You worshipped Sif Muna.
Sif Muna was greatly pleased with you.
You were near starving.

You visited 2 branches of the dungeon, and saw 17 of its levels.
You also visited: Sewer, Ossuary and Gauntlet.

You collected 1256 gold pieces.

Inventory:

Hand Weapons
 M - a +3 scimitar of flaming
 P - the +6 trident of Wrongful Imprisonment {venom, rC++ Str+9 Stlth-}
   (You found it on level 10 of the Dungeon)

   It poisons the flesh of those it strikes.
   It affects your strength (+9).
   It greatly protects you from cold.
   It makes you less stealthy.
 W - the +7 Spriggan's Knife (weapon) {stab, EV+4 Stlth+}
   (You found it in a Gauntlet)

   It affects your evasion (+4).
   It makes you more stealthy.
Armour
 a - a +0 hat (worn)
Magical Staves
 J - an uncursed staff of wizardry
Jewellery
 d - a ring of stealth (on tentacle)
 i - a ring of poison resistance (on tentacle)
 o - a +2 ring of intelligence
 q - a ring of protection from cold (right tentacle)
 s - a ring of protection from cold (on tentacle)
 z - an uncursed ring of ice
 L - a ring of resist corrosion (on tentacle)
 O - a ring of wizardry (on tentacle)
 R - an amulet of the acrobat (around mantle)
 V - a ring of see invisible (on tentacle)
 X - the ring of the Original Sin (left tentacle) {+Inv rElec rF+ Str-4 Slay+5}
   (You found it in a Gauntlet)

   [ring of protection from fire]

   It affects your strength (-4).
   It affects your accuracy and damage with ranged weapons and melee attacks
   (+5).
   It protects you from fire.
   It insulates you from electricity.
   It lets you turn invisible.
Wands
 u - a wand of scattershot (12)
 y - a wand of digging (8)
 G - a wand of flame (24)
 H - a wand of disintegration (9)
 I - a wand of enslavement (4)
 K - a wand of random effects (23)
 S - a wand of acid (3)
 T - a wand of polymorph (11)
Scrolls
 b - 3 scrolls of random uselessness
 j - 6 scrolls of fear
 k - 7 scrolls of remove curse
 l - 3 scrolls of amnesia
 m - 4 scrolls of enchant weapon
 r - 3 scrolls of enchant armour
 x - 3 scrolls of blinking
 D - 5 scrolls of teleportation
 N - 5 scrolls of fog
 Q - a scroll of vulnerability
 U - a scroll of silence
Potions
 e - 6 potions of cancellation
 g - 3 potions of resistance
 h - 2 potions of haste
 n - 4 potions of ambrosia {unknown}
 p - 4 potions of degeneration
 t - 5 potions of flight
 v - 4 potions of lignification
 w - 3 potions of heal wounds
 A - 6 potions of might
 B - 3 potions of mutation
 C - 2 potions of brilliance {unknown}
 E - 2 potions of magic
 F - 10 potions of curing
Miscellaneous
 f - a lightning rod (4/4)
Comestibles
 c - 7 rations


   Skills:
 - Level 4.0 Fighting
 + Level 2.0 Short Blades
 - Level 3.0 Dodging
 + Level 7.1 Stealth
 - Level 12.2 Spellcasting
 - Level 12.0 Conjurations
   Level 1.0 Summonings
 - Level 1.0 Translocations
 - Level 7.0 Fire Magic
 - Level 4.3 Poison Magic
 - Level 10.0 Invocations
 - Level 3.1 Evocations


You had 12 spell levels left.
You knew the following spells:

 Your Spells              Type           Power        Failure   Level  Hunger
a - Magic Dart            Conj           ####         1%          1    None
b - Mephitic Cloud        Conj/Pois/Air  #####...     1%          3    None
c - Blink                 Tloc           N/A          1%          2    None
d - Conjure Flame         Conj/Fire      ######..     1%          3    None
e - Fireball              Conj/Fire      ######....   1%          5    ###....
f - Orb of Destruction    Conj           ######....   11%         7    ######.
g - Ignite Poison         Fire/Tmut/Pois ####....     1%          3    None

Your spell library contained the following spells:

 Spells                   Type           Power        Failure   Level  Hunger
 Confusing Touch          Hex            ##....       1%          1    None
 Flame Tongue             Conj/Fire      #####        1%          1    None
 Infusion                 Chrm           ##..         1%          1    None
 Call Imp                 Summ           ###.....     1%          2    None
 Throw Flame              Conj/Fire      ######       1%          2    None
 Inner Flame              Hex/Fire       ####....     1%          3    None
 Sticky Flame             Conj/Fire      ######..     1%          4    None
 Venom Bolt               Conj/Pois      ######....   1%          5    ###....
 Shroud of Golubria       Chrm/Tloc      ###...       2%          2    None
 Slow                     Hex            ##......     2%          2    None
 Song of Slaying          Chrm           ##......     2%          2    None
 Recall                   Summ/Tloc      N/A          3%          3    None
 Bolt of Magma            Conj/Fire/Erth #####.....   3%          5    ###....
 Iskenderun's Battlesphe  Conj/Chrm      #####...     4%          5    ###....
 Regeneration             Chrm/Necr      ##........   5%          3    None
 Spectral Weapon          Hex/Chrm       ##......     5%          3    None
 Poison Arrow             Conj/Pois      ######....   9%          6    #####..
 Iron Shot                Conj/Erth      #####.....   22%         6    #####..
 Aura of Abjuration       Summ           ###.......   30%         5    ###....
 Spellforged Servitor     Conj/Summ      #####.....   65%         7    ######.
 Summon Greater Demon     Summ           ###.......   100%        7    ######.
 Disjunction              Tloc           ###.......   100%        8    #######
 Summon Horrible Things   Summ           ###.......   100%        8    #######


Dungeon Overview and Level Annotations

Branches:
Dungeon (12/15)            Temple (0/1) D:6            Lair (5/6) D:9
 Shoals (0/4) Lair:4       Spider (0/4) Lair:4          Orc (0/2) D:9
  Sewer (visited)         Ossuary (visited)         Gauntlet (1/1)
  Slime: Lair:5-6

Altars:
Ashenzari
Cheibriados
Fedhas
Gozag
Hepliaklqana
Ru
Sif Muna
Vehumet
Xom
The Shining One

Shops:
D:8 (   D:9 [(   D:12 %

Annotations:
D:7 exclusion: downstairs
D:9 exclusion: downstairs
D:10 exclusion: downstairs
Lair:2 exclusion: downstairs
Lair:3 exclusion: downstairs
Lair:5 exclusion: 2 oklob plants Gauntlet 12 transporters, 21 runed translucent doors, exclusion: obsidian statue


Innate Abilities, Weirdness & Mutations

You cannot wear most types of armour.
You are very stealthy in the water. (Stealth+)
You are amphibious.
You can wear up to eight rings at the same time.
You can use your tentacles to constrict eight enemies at once.
Your skin changes colour to match your surroundings (Stealth+).
Your rubbery body absorbs attacks. (AC +1, EV +1)


Message History

Okay, then.
Evoke which item? (* to show all) (? for menu, Esc to quit)
Okay, then.
You feel much better.
The minotaur throws a javelin.
The javelin pierces through you!!
Casting: Fireball (safe; 1% risk of failure)
Confirm with . or Enter, or press ? or * to list all spells.
Aiming: Mephitic Cloud (safe; 1% risk of failure)
Press: ? - help, Shift-Dir - straight line, f/p - minotaur
Aim: a minotaur, wielding a +3 war axe of venom, wearing a +1 plate armour of cold resistance and wearing the ring of Loph {rC+ rN++ Str+4} (lightly wounded)
The ball explodes into a vile cloud!
The stinking cloud engulfs the minotaur but does no damage.
The minotaur is lightly wounded.
The minotaur is engulfed in noxious fumes.
The minotaur throws a javelin.
The javelin pierces through you!!
* * * LOW HITPOINT WARNING * * *
You feel much better.
The minotaur is engulfed in noxious fumes.
The minotaur throws a javelin.
The javelin pierces through you!!
You die...

#################################
#8##§...............≈##8# #8# #8
####8..©.©.©.©.©.©.§8#### ### ##
#≈...............§#
###.#.#######.#.### #.#...
#....#.# .#.##.#☼##.#.#
.......H§....# .#..##'##@(#.# #8.
#..#.# #.. #....# #8. #.8### #[.
#### #8. #=.


You could see a minotaur.

Vanquished Creatures
  Erolcha (D:12)
  2 hydras
  Erica (D:9)
  2 two-headed ogres
  3 death yaks
  An unseen horror (D:12)
  3 wizards (Gauntlet)
  An ugly thing (D:8)
  A cyclops (D:12)
  5 elephants (Lair:4)
  A black mamba (Lair:5)
  6 spiny frogs
  A rime drake (Lair:2)
  A polar bear (Lair:5)
  A hornet (Lair:4)
  2 trolls
  A snapping turtle (Lair:4)
  18 blink frogs
  8 hippogriffs
  A wyvern (D:10)
  A vampire (D:12)
  12 yaks
  A human (D:7)
  A chaos spawn (Gauntlet)
  3 hogs (D:7)
  A basilisk (Lair:3)
  2 hungry ghosts (D:9)
  8 porcupines
  8 water moccasins
  Duvessa (D:4)
  2 ice beasts
  7 orc warriors
  2 black bears
  4 sky beasts
  4 phantoms
  3 centaurs
  2 ogres
  4 wolves
  10 crocodiles
  8 big kobolds
  Blork the orc (D:6)
  12 bullfrogs
  A wyvern skeleton (D:11)
  Dowan (D:4)
  9 scorpions
  16 killer bees
  6 howler monkeys
  10 wights
  A centaur zombie (D:5)
  9 crimson imps
  A quasit (D:10)
  3 hounds
  3 centaur skeletons
  6 orc priests
  Crazy Yiuf (D:3)
  5 jellies
  A bullfrog skeleton (D:7)
  2 iguanas
  10 orc wizards
  9 worker ants
  2 big kobold zombies (Ossuary)
  A hound zombie (D:5)
  2 mummies (Ossuary)
  A hound skeleton (D:7)
  A worker ant zombie (D:5)
  4 gnolls (D:5)
  A howler monkey skeleton (D:9)
  11 adders
  5 river rats
  4 shadow imps (Gauntlet)
  2 white imps (Gauntlet)
  3 oozes
  8 adder zombies
  An adder skeleton (D:5)
  10 worms
  2 dart slugs
  A leopard gecko (D:6)
  43 orcs
  6 ball pythons
  7 giant cockroaches
  6 gnoll zombies (Ossuary)
  5 goblins
  5 hobgoblins
  10 jackals
  36 kobolds
  10 quokkas
  7 bats
  3 frilled lizards
  3 hobgoblin zombies (Ossuary)
  4 kobold zombies (Ossuary)
  A leopard gecko skeleton (D:4)
  4 orc zombies (Ossuary)
  A quokka skeleton (D:9)
  13 rats
474 creatures vanquished.

Vanquished Creatures (collateral kills)
  A killer bee (D:10)
1 creature vanquished.

Vanquished Creatures (others)
  A killer bee (D:11)
  13 demonic plants (Gauntlet)
  4 plants
18 creatures vanquished.

Grand Total: 493 creatures vanquished

Notes
Turn   | Place    | Note
-------+----------+-------------------------------------------
     0 | D:1      | Atelerd the Octopode Wizard began the quest for the Orb.
     0 | D:1      | Reached XP level 1. HP: 11/11 MP: 4/4
   345 | D:1      | Reached XP level 2. HP: 17/17 MP: 3/6
   979 | D:2      | Found a snail-covered altar of Cheibriados.
   980 | D:2      | Reached XP level 3. HP: 21/21 MP: 7/7
   985 | D:2      | Learned a level 3 spell: Mephitic Cloud
   988 | D:2      | Learned a level 2 spell: Blink
  2026 | D:3      | Found a sacrificial altar of Ru.
  2039 | D:3      | Reached XP level 4. HP: 14/27 MP: 7/9
  2224 | D:3      | Found a glowing golden altar of the Shining One.
  2925 | D:3      | Found a runed translucent door.
  2926 | D:3      | Noticed Crazy Yiuf
  3128 | D:3      | Killed Crazy Yiuf
  3128 | D:3      | Reached XP level 5. HP: 31/31 MP: 2/10
  3334 | D:4      | Found a shimmering blue altar of Sif Muna.
  3372 | D:4      | Became a worshipper of Sif Muna the Loreminder
  3473 | D:4      | Found a shimmering altar of Xom.
  3577 | D:4      | Found a shattered altar of Ashenzari.
  3584 | D:4      | Reached skill level 1 in Invocations
  3584 | D:4      | Reached XP level 6. HP: 11/37 MP: 0/12
  3861 | D:4      | Reached skill level 1 in Fighting
  3959 | D:4      | Noticed Dowan
  3960 | D:4      | Noticed Duvessa
  3978 | D:4      | Killed Dowan
  4533 | D:5      | Entered Level 5 of the Dungeon
  4851 | D:5      | Learned a level 3 spell: Conjure Flame
  4953 | D:5      | Reached XP level 7. HP: 37/43 MP: 7/13
  5436 | D:5      | Found a blossoming altar of Fedhas.
  5675 | D:4      | Killed Duvessa
  5783 | D:5      | Reached skill level 5 in Conjurations
  5983 | D:5      | Reached skill level 5 in Stealth
  5983 | D:5      | Reached XP level 8. HP: 51/51 MP: 0/15
  6114 | D:5      | Found a hazy altar of Hepliaklqana.
  6115 | D:5      | Found a shimmering altar of Xom.
  6116 | D:5      | Noticed a spectral ugly thing
  6598 | D:6      | Reached * piety under Sif Muna
  6642 | D:6      | Reached skill level 5 in Spellcasting
  6743 | D:6      | Reached skill level 1 in Short Blades
  6802 | D:6      | Noticed Blork the orc
  6815 | D:6      | Killed Blork the orc
  6860 | D:6      | Found a staircase to the Ecumenical Temple.
  6878 | D:6      | Found a glowing drain.
  6907 | Sewer    | Entered a sewer
  7165 | Sewer    | Reached ** piety under Sif Muna
  7528 | D:6      | Reached XP level 9. HP: 56/56 MP: 6/17
  7603 | D:6      | Found a radiant altar of Vehumet.
  7675 | D:7      | Found a sand-covered staircase.
  7789 | Ossuary  | Entered an ossuary
  8090 | Ossuary  | Reached *** piety under Sif Muna
  8268 | D:7      | Reached skill level 5 in Invocations
 10265 | D:8      | Reached **** piety under Sif Muna
 10418 | D:8      | Reached XP level 10. HP: 46/63 MP: 11/20
 10558 | D:8      | Noticed a two-headed ogre
 10592 | D:8      | Killed a two-headed ogre
 11589 | D:8      | Found Fyatugeu's Weapon Shop.
 12121 | D:9      | Found Pudghyro's Weapon Shoppe.
 12121 | D:9      | Found a staircase to the Orcish Mines.
 12131 | D:9      | Noticed a white ugly thing
 12508 | D:8      | Killed a white ugly thing
 12774 | D:9      | Noticed Erica
 12778 | D:9      | Killed Erica
 13067 | D:9      | Found an opulent altar of Gozag.
 13108 | D:9      | Reached XP level 11. HP: 67/67 MP: 14/23
 13311 | D:9      | Learned a level 5 spell: Fireball
 13322 | D:9      | Found Ilarhi's Armour Shoppe.
 13337 | D:9      | Reached skill level 1 in Fire Magic
 13344 | D:9      | Reached ***** piety under Sif Muna
 13460 | D:9      | Found a shimmering altar of Xom.
 13570 | D:9      | Noticed a death yak
 13572 | D:9      | Found a staircase to the Lair.
 13573 | D:9      | Noticed a death yak
 13574 | D:9      | Noticed a death yak
 13799 | D:8      | Killed a death yak
 13956 | D:9      | Killed a death yak
 14217 | D:9      | Killed a death yak
 14552 | D:10     | Entered Level 10 of the Dungeon
 14806 | D:10     | Identified Minkoehi's Grimoire of Quantum Companions (Sif
                  | Muna gifted it to you on level 10 of the Dungeon)
 14806 | D:10     | Received a gift from Sif Muna
 14992 | D:10     | Got a dazzling trident
 15017 | D:9      | Identified the +6 trident of Wrongful Imprisonment {venom,
                  | rC++ Str+9 Stlth-} (You found it on level 10 of the
                  | Dungeon)
 15125 | D:10     | Reached skill level 1 in Poison Magic
 16434 | D:11     | Reached skill level 10 in Conjurations
 16619 | D:11     | Reached skill level 5 in Fire Magic
 17299 | D:12     | Noticed Erolcha
 17312 | D:12     | Killed Erolcha
 17312 | D:12     | Reached XP level 12. HP: 74/74 MP: 15/25
 17395 | D:12     | Reached skill level 10 in Invocations
 17684 | D:12     | Noticed a two-headed ogre
 17689 | D:12     | Killed a two-headed ogre
 17932 | D:12     | Received a gift from Sif Muna
 17942 | D:12     | Learned a level 7 spell: Orb of Destruction
 18044 | D:12     | Found Himem's Food Boutique.
 18234 | Lair:1   | Entered Level 1 of the Lair of Beasts
 18475 | Lair:1   | Reached skill level 1 in Evocations
 19901 | Lair:2   | Noticed a four-headed hydra
 19905 | Lair:2   | Killed a four-headed hydra
 19905 | Lair:2   | Reached skill level 10 in Spellcasting
 21340 | Lair:3   | Noticed a five-headed hydra
 21615 | Lair:3   | Killed a five-headed hydra
 22347 | Lair:4   | Reached XP level 13. HP: 75/79 MP: 10/27
 23148 | Lair:4   | Found a staircase to the Shoals.
 23193 | Lair:4   | Identified Sif Muna's Almanac of Contamination and
                  | Malediction (Sif Muna gifted it to you on level 4 of the
                  | Lair of Beasts)
 23193 | Lair:4   | Received a gift from Sif Muna
 23199 | Lair:4   | Learned a level 3 spell: Ignite Poison
 23305 | Lair:4   | Found a hole to the Spider Nest.
 24149 | Lair:5   | Found a gate leading to a gauntlet.
 24271 | Gauntlet | Entered a Gauntlet
 24271 | Gauntlet | Found a transporter.
 24447 | Gauntlet | Found a transporter.
 24449 | Gauntlet | Found a transporter.
 24449 | Gauntlet | Found a transporter.
 24483 | Gauntlet | Found a transporter.
 24485 | Gauntlet | Found a transporter.
 24501 | Gauntlet | Found a transporter.
 24521 | Gauntlet | Found a transporter.
 24523 | Gauntlet | Found a large runed translucent door.
 24524 | Gauntlet | Found a large runed translucent door.
 24525 | Gauntlet | Found a large runed translucent door.
 24525 | Gauntlet | Found a large runed translucent door.
 24526 | Gauntlet | Found a large runed translucent door.
 24527 | Gauntlet | Found a runed translucent door.
 24528 | Gauntlet | Found a transporter.
 24529 | Gauntlet | Found a runed translucent door.
 24530 | Gauntlet | Found a large runed translucent door.
 24530 | Gauntlet | Found a large runed translucent door.
 24530 | Gauntlet | Found a large runed translucent door.
 24531 | Gauntlet | Found a large runed translucent door.
 24532 | Gauntlet | Found a large runed translucent door.
 24539 | Gauntlet | Found a large runed translucent door.
 24539 | Gauntlet | Found a large runed translucent door.
 24540 | Gauntlet | Found a large runed translucent door.
 24540 | Gauntlet | Found a large runed translucent door.
 24540 | Gauntlet | Found a large runed translucent door.
 24540 | Gauntlet | Found a large runed translucent door.
 24544 | Gauntlet | Found a runed translucent gate.
 24544 | Gauntlet | Found a runed translucent gate.
 24544 | Gauntlet | Found a runed translucent gate.
 24546 | Gauntlet | Found a transporter.
 24565 | Gauntlet | Found a transporter.
 24577 | Gauntlet | Found a transporter.
 24589 | Gauntlet | Found a transporter.
 24589 | Gauntlet | Noticed an entropy weaver
 24630 | Gauntlet | Identified the ring of Gozag's Delight {*Drain rF+ rN++
                  | MR+++}
 24631 | Gauntlet | Found a transporter.
 24643 | Gauntlet | Found a transporter.
 24645 | Gauntlet | Found the +7 Spriggan's Knife {stab, EV+4 Stlth+}
 24665 | Gauntlet | Found a transporter.
 24753 | Gauntlet | Found a transporter.
 24760 | Gauntlet | Found a transporter.
 25157 | Gauntlet | Got a glittering silver ring
 25158 | Gauntlet | Identified the ring of the Original Sin {+Inv rElec rF+
                  | Str-4 Slay+5} (You found it in a Gauntlet)
 25304 | Gauntlet | Identified the +4 shortbow "Moloidgh" {freeze, rPois rN++
                  | Int+3 Dex-5}
 25304 | Gauntlet | Identified the ring of Loph {rC+ rN++ Str+4}
 25304 | Gauntlet | Noticed a minotaur
 25310 | Gauntlet | HP: 3/79 [minotaur/javelin (33)]
 25311 | Gauntlet | Hit by a javelin thrown by a minotaur

Levels and vault maps discovered:
D:1:      matt_arrival_diagonals, layout_basic
D:2:      layout_rooms, kennysheep_slug_shrine, grunt_ministairs_9,
          mrwooster_statue_mirror, kennysheep_cluttered_room
D:3:      layout_loops_corners, old_standard_altar,
          nicolae_ru_great_annihilating_truth, uniq_crazy_yiuf_cottage
D:4:      layout_cave_pools, led_sif_pool, old_standard_altar, first_ration,
          xom_teletrap_fun, uniq_duvessa
D:5:      layout_rooms, fedhas_altar_3, regret_index_temple_of_mockery,
          kennysheep_opposing_triangles
D:6:      layout_cave_pools, kennysheep_mini, minmay_temple_entry_hall,
          portal_sewer_entry_b, uniq_blork_the_orc
D:7:      lemuel_upstairs_altar, layout_basic, enter_ossuary_1, grunt_livestock,
          minivault_23
D:8:      layout_basic, serial_shops, kennysheep_mini_moat
D:9:      layout_roguey, lemuel_round_altar, dpeg_lair_monsters, orc_david_3,
          basic_altar, kennysheep_flooded_box, uniq_erica
D:10:     layout_cave_pools
D:11:     layout_rooms, grunt_ministairs_7
D:12:     layout_roguey, serial_shops, nicolae_shop_competitors_out_of_business,
          uniq_erolcha
Lair:1:   layout_misc_corridors, grunt_megastairs_1
Lair:2:   layout_cave_pods, infiniplex_staircase_pool_2
Lair:3:   layout_misc_corridors
Lair:4:   layout_regular_city, minmay_shoals_entry_hut,
          nicolae_spider_entry_non_spiders
Lair:5:   layout_hall_layers, minmay_slime_entry_pillars,
          gauntlet_entry_generic, minmay_lair_oklob_chamber
Gauntlet: gammafunk_gauntlet_one_two_three
          [gammafunk_gauntlet_arena_arrow_garden, gammafunk_gauntlet_arena_open,
          gammafunk_gauntlet_arena_spirals,
          minmay_gauntlet_arena_make_your_own_arena,
          gammafunk_gauntlet_arena_teeth,
          gammafunk_gauntlet_arena_split_diamond, nicolae_gauntlet_swirl,
          nicolae_gauntlet_arena_blocks, gammafunk_gauntlet_arena_crates,
          nicolae_gauntlet_exit_dead_adventurers]

Skill      XL: |  1  2  3  4  5  6  7  8  9 10 11 12 13 |
---------------+----------------------------------------+-----
Conjurations   | 2 3 4 5 6 7 9 10 11 12 | 12.0
Spellcasting   | 4 5 7 8 9 10 12 | 12.2
Stealth        | 3 5 6 7 |  7.1
Invocations    | 1 3 4 6 8 9 10 | 10.0
Fighting       | 1 2 3 4 |  4.0
Dodging        | 3 |  3.0
Short Blades   | 2 |  2.0
Fire Magic     | 5 7 |  7.0
Poison Magic   | 3 4 |  4.3
Evocations     | 3 |  3.1
Summonings     | |  1.0
Translocations | |  1.0

Action                   |  1- 3 |  4- 6 |  7- 9 | 10-12 | 13-15 || total
-------------------------+-------+-------+-------+-------+-------++-------
Melee: Dagger            |    54 |    89 |   280 |    49 |       ||   472
       Tentacles         |     8 |    15 |    32 |    52 |    19 ||   126
       Constrict         |    13 |    23 |    58 |    69 |    13 ||   176
       Scimitar          |       |       |       |   109 |       ||   109
       Trident           |       |       |       |   169 |    83 ||   252
 Cast: Magic Dart        |    31 |    50 |   175 |   253 |     6 ||   515
       Mephitic Cloud    |       |    15 |    26 |    70 |    32 ||   143
       Blink             |       |     3 |     2 |    33 |       ||    38
       Conjure Flame     |       |     1 |    22 |    59 |     1 ||    83
       Fireball          |       |       |       |    56 |    24 ||    80
       Orb of Destructio |       |       |       |     2 |     2 ||     4
       Ignite Poison     |       |       |       |       |     7 ||     7
Invok: Channel Magic     |       |       |       |     2 |     2 ||     4
Evoke: Wand              |       |       |       |     8 |     3 ||    11
  Use: Scroll            |       |     8 |     7 |    14 |     2 ||    31
       Potion            |       |     2 |     2 |     2 |     6 ||    12
 Stab: Sleeping          |     7 |     2 |    12 |     7 |       ||    28
       Paralysed         |       |     1 |       |       |       ||     1
       Confused          |       |     1 |     8 |    18 |     9 ||    36
       Distracted        |       |       |       |     1 |       ||     1
  Eat: Chunk             |     3 |     6 |     9 |    31 |     8 ||    57
       Ration            |       |     2 |     2 |     7 |     1 ||    12
Armor: Skin              |     1 |     9 |    10 |     6 |     1 ||    27
Dodge: Dodged            |    23 |    81 |   160 |   285 |    72 ||   621
       Rpst.: Scimitar   |       |       |       |    39 |       ||    39
